 Dungeon Crawl Stone Soup version 0.29-a0-994-gc5c9f59d18 (webtiles) character file.

Game seed: 11903401738887118740

737 tilp the Grave Robber (level 7, -1/52 HPs)
             Began as a Mummy Necromancer on Aug 3, 2022.
             Slain by a black bear (6 damage)
             ... on level 6 of the Dungeon.
             The game lasted 00:08:22 (6358 turns).

tilp the Grave Robber (Mummy Necromancer)           Turns: 6358, Time: 00:08:23

Health: -1/52      AC:  5    Str: 11    XL:     7   Next: 46%
Magic:  1/12       EV: 12    Int: 16    God:
Gold:   340        SH:  0    Dex: 13    Spells: 5/13 levels left

rFire   + . .      SeeInvis .   a - +1 dagger (venom)
rCold   . . .      Faith    .   (no shield)
rNeg    + + +      Spirit   .   i - +2 robe {rF+}
rPois   ∞          Reflect  .   c - +0 helmet
rElec   .          Harm     .   (no cloak)
rCorr   .          Rampage  .   (no gloves)
Will    .....                   (no boots)
Stlth   ++........              (no amulet)
HPRegen 0.17/turn               f - ring of fire
MPRegen 0.13/turn               (no ring)

@: very slightly contaminated
A: cold resistance 1, negative energy resistance 3, torment resistance 2, heat
vulnerability 1, in touch with death 1, no potions
a: no special abilities


You were on level 6 of the Dungeon.
You visited 1 branch of the dungeon, and saw 6 of its levels.

You collected 340 gold pieces.

Inventory:

Hand Weapons
 a - a +1 dagger of venom (weapon)
 d - a +0 morningstar of protection
Missiles
 h - 47 stones
 p - 4 poisoned darts
Armour
 c - a +0 helmet (worn)
 i - a +2 robe of fire resistance (worn)
Magical Staves
 b - a staff of death
Jewellery
 f - a ring of fire (left hand)
Wands
 j - a wand of iceblast (8)
Scrolls
 e - 3 scrolls of enchant weapon
 g - a scroll of amnesia
 k - a scroll of fog
 n - a scroll of blinking
 o - a scroll of torment


   Skills:
 * Level 3.4 Fighting
 * Level 2.0 Staves
 + Level 2.6 Dodging
 - Level 2.0 Stealth
 + Level 3.8 Spellcasting
 * Level 6.6 Necromancy
 + Level 1.3 Evocations


You had 5 spell levels left.
You knew the following spells:

 Your Spells              Type           Power      Damage    Failure   Level
a - Necrotise             Necr           100%       1d9       1%          1
b - Vampiric Draining     Necr           36%        2d8       3%          3
c - Animate Dead          Necr           36%        N/A       11%         4

Your spell library contained the following spells:

 Spells                   Type           Power      Damage    Failure   Level
 Agony                    Necr           36%        N/A       30%         5
 Summon Hydra             Summ           1%         N/A       100%        7
 Sublimation of Blood     Necr           Unusable   N/A       N/A         2
 Wereblood                Tmut           Unusable   N/A       N/A         2

Dungeon Overview and Level Annotations

Branches:
Dungeon (6/15)             Temple (0/1) D:6

Altars:

Annotations:
D:3 1 runed translucent door, Crazy Yiuf
D:4 kobold castle, exclusion: 2 doors, Edmund


Innate Abilities, Weirdness & Mutations

You are immune to poison.
Your flesh is cold resistant. (rC+)
You are immune to negative energy. (rN+++)
You are immune to unholy pain and torment.
You are vulnerable to heat. (rF-)
You are in touch with the powers of death.
You do not drink.


Message History

The orc barely misses you.
The black bear goes berserk!
Unknown command.
You barely miss the black bear.
The black bear is almost dead.
The black bear bites you! The black bear claws you.
The black bear closely misses you. The orc hits you with a +0 flail.
The orc hits you with a +0 club. The orc barely misses you.
The black bear barely misses you. The black bear claws you. x2
Unknown command.
Casting: Vampiric Draining (dangerous; 3% risk of failure)
Confirm with . or Enter, or press ? or * to list all spells.
You don't have enough magic to cast this spell.
Unknown command.
Unknown command.
Casting: Vampiric Draining (dangerous; 3% risk of failure)
Confirm with . or Enter, or press ? or * to list all spells.
Aiming: Necrotise (safe; 1% risk of failure)
Press: ? - help, Shift-Dir - straight line, f/p - black bear
Aim: a black bear (severely wounded, berserk, chance to affect: 83%)
You feel a surge of power!
The black bear barely resists.
The orc barely misses you. The orc hits you with a +0 flail.
* * * LOW HITPOINT WARNING * * *
The orc hits you with a +0 club.
* * * LOW HITPOINT WARNING * * *
The orc hits you but does no damage. The black bear bites you.
* * * LOW HITPOINT WARNING * * *
The black bear claws you.
* * * LOW HITPOINT WARNING * * *
The black bear claws you.
* * * LOW HITPOINT WARNING * * *
Unknown command.
Unknown command.
Unknown command.
Unknown command.
As you read the scroll of fear, it crumbles to dust.
You assume a fearsome visage.
The black bear is unaffected.
The orc looks frightened! x3; The orc priest looks frightened!
The orc looks frightened! x2; The black bear closely misses you.
The black bear claws you.
You die...

###..### #...$...
.#..#...####..........#
.#......#<............#
.##...!...............#
......................#
........$.............#
.............###.....##
......................##
...............[@ho....#
.....#.........ooo......
.....###........oo.!...#
.....# #8>8.............
.....# #.####..........#
.....# #.. ...........#
.....# # ###.........#
.....# #.......>..
..#### #.........


You could see a black bear (berserk), an orc priest (fleeing) and 5 orcs.

Vanquished Creatures
  2 ice beasts (D:5)
  A phantom (D:5)
  2 necrophages
  A jelly (D:5)
  An orc priest (D:3)
  3 iguanas
  Robin (D:2)
  4 gnolls
  7 adders
  A worm (D:3)
  A dart slug (D:1)
  6 orcs (D:3)
  2 bats (D:2)
  6 endoplasms
  5 giant cockroaches
  17 goblins
  8 hobgoblins
  2 jackals (D:2)
  3 quokkas (D:2)
  6 ball pythons
  6 frilled lizards (D:1)
  7 kobolds
  7 rats
99 creatures vanquished.

Vanquished Creatures (collateral kills)
  A goblin (D:1)
  A jackal (D:2)
  4 frilled lizards (D:1)
6 creatures vanquished.

Vanquished Creatures (others)
  4 plants (D:1)
4 creatures vanquished.

Grand Total: 109 creatures vanquished

Notes
Turn   | Place    | Note
-------+----------+-------------------------------------------
     0 | D:1      | tilp the Mummy Necromancer began the quest for the Orb.
     0 | D:1      | Reached XP level 1. HP: 13/13 MP: 4/4
   457 | D:1      | Reached skill level 1 in Fighting
   457 | D:1      | Reached XP level 2. HP: 21/21 MP: 1/5
   935 | D:1      | Gained mutation: You are in touch with the powers of death.
                  | [Mummy growth]
   935 | D:1      | Reached XP level 3. HP: 26/26 MP: 1/7
  1146 | D:1      | Learned a level 3 spell: Vampiric Draining
  1302 | D:2      | Noticed Robin
  1336 | D:2      | Killed Robin
  1750 | D:2      | Reached XP level 4. HP: 33/33 MP: 6/8
  2026 | D:2      | You fall into a shaft and drop 1 floor!
  2034 | D:3      | Found a runed translucent door.
  2035 | D:3      | Noticed Crazy Yiuf
  2087 | D:3      | Reached skill level 5 in Necromancy
  2909 | D:3      | Reached XP level 5. HP: 38/38 MP: 6/9
  3607 | D:3      | Reached skill level 6 in Necromancy
  3811 | D:3      | Identified a scroll of acquirement
  3813 | D:3      | Acquired a staff of death
  4214 | D:4      | Learned a level 4 spell: Animate Dead
  4694 | D:4      | Reached XP level 6. HP: 37/45 MP: 4/10
  5139 | D:4      | Noticed Edmund
  5342 | D:5      | Entered Level 5 of the Dungeon
  5382 | D:5      | Noticed an ice beast
  5394 | D:5      | Killed an ice beast
  5395 | D:5      | Reached skill level 1 in Staves
  5406 | D:5      | Reached skill level 1 in Evocations
  5406 | D:5      | Reached XP level 7. HP: 21/52 MP: 3/12
  6323 | D:6      | Found a staircase to the Ecumenical Temple.
  6358 | D:6      | Slain by a black bear

Illustrated notes

Levels and vault maps discovered:
D:1:      heliophobic_arrival_dark_side_of_the_moon, layout_basic,
          minmay_fountain_box, minmay_lizard_king
D:2:      layout_basic, chequers_jeans, grunt_ministairs_15,
          chequers_serial_rivers_room_b, kennysheep_generic_room_8, uniq_robin
D:3:      minmay_bubble_buster, layout_loops_ring, chequers_mini_garden,
          uniq_crazy_yiuf_cottage
D:4:      minmay_goblin_kobold_castle, layout_loops_ring,
          nicolae_hepliaklqana_hippocampus, uniq_edmund
D:5:      layout_rooms, serial_glass, glass_columns_c, glass_columns_b,
          minmay_strange_pillars, feat_on_display, item_on_display_a
D:6:      layout_rooms, temple_statues, cheibrodos_sewer_entry_bend,
          hangedman_decor_opposing

Skill      XL: |  1  2  3  4  5  6  7 |
---------------+----------------------+-----
Fighting       | 1 2 3 |  3.4
Spellcasting   | 3 |  3.8
Stealth        | 2 |  2.0
Dodging        | 2 |  2.6
Necromancy     | 5 6 |  6.6
Staves         | 1 2 |  2.0
Evocations     | 1 |  1.3

Action                   |  1- 3 |  4- 6 |  7- 9 || total
-------------------------+-------+-------+-------++-------
Melee: Unarmed           |     4 |       |       ||     4
       Dagger            |     9 |   120 |    10 ||   139
       Punch             |     1 |     3 |     1 ||     5
       Morningstar       |       |    17 |    13 ||    30
       Staff             |       |    17 |     4 ||    21
Throw: Stone             |     5 |       |       ||     5
 Cast: Necrotise         |    67 |    50 |    11 ||   128
       Vampiric Draining |       |     7 |     5 ||    12
  Use: Scroll            |     4 |     5 |     3 ||    12
 Stab: Sleeping          |       |     3 |       ||     3
Armor: Robe              |     2 |    52 |    11 ||    65
Dodge: Dodged            |    23 |   100 |    30 ||   153

Table legend: (Time is in decaauts)
 A = Elapsed time spent in this place.
 B = Non-inter-level travel time spent in this place.
 C = Inter-level travel time spent in this place.
 D = Time resting spent in this place.
 E = Time spent auto-exploring this place.
 F = Levels seen in this place.
 G = Mean time per level.
                   A        B        C        D        E       F      G
               +--------+--------+--------+--------+--------+-----+--------+
         Total |   6381 |   6193 |    188 |   1069 |   4276 |   6 | 1063.5 |
       Dungeon |   6381 |   6193 |    188 |   1069 |   4276 |   6 | 1063.5 |
               +--------+--------+--------+--------+--------+-----+--------+

Top non-repeatable levels by time:
     D:3: 1504 daAuts
     D:1: 1435 daAuts
     D:2: 1241 daAuts
     D:4: 1177 daAuts
     D:5: 955 daAuts
     D:6: 67 daAuts
